 Dungeon Crawl Stone Soup version 0.18-a0-1123-gbd92598 (webtiles) character file.

30 st0uf the Insei (level 3, -2/28 HPs)
             Began as a Draconian Transmuter on Jan 19, 2016.
             Slain by Terence
             ... wielding a +0 flail
              (9 damage)
             ... on level 2 of the Dungeon.
             The game lasted 00:04:21 (866 turns).

st0uf the Insei (Draconian Transmuter)               Turns: 866, Time: 00:04:21

Health: -2/28      AC:  5    Str: 12    XL:     3   Next: 5%
Magic:  6/6        EV: 12    Int: 13    God:
Gold:   46         SH:  0    Dex: 15    Spells: 1 memorised, 5 levels left

rFire  . . .     SeeInvis .       - Unarmed
rCold  . . .     Gourm    .     (armour unavailable)
rNeg   . . .     Faith    .     (no shield)
rPois  .         Spirit   .     (helmet restricted)
rElec  .         Dismiss  .     (no cloak)
rCorr  .         Reflect  .     (no gloves)
SustAt .         Harm     .     (boots currently unavailable)
MR     .....                    (no amulet)
Stlth  +.........               (no ring)
                                l - +3 ring of dexterity

@: appendage (expiring), not resistant to hostile enchantments, very unstealthy
A: unfitting armour, talons 3, cold-blooded, AC +5
a: End Transformation


You were on level 2 of the Dungeon.
You were not hungry.
You had grown temporary talons.
You visited 1 branch of the dungeon, and saw 3 of its levels.

You collected 46 gold pieces.

Inventory:

Missiles
 a - 12 arrows
 d - 5 javelins (quivered)
Jewellery
 l - a +3 ring of dexterity (left hand)
Scrolls
 e - a scroll of fear {unknown}
 f - a scroll of enchant weapon {unknown}
Potions
 g - a potion of ambrosia {unknown}
 h - a potion of heal wounds {unknown}
 i - a potion of agility {unknown}
 j - 4 potions of poison {unknown}
Books
 b - a book of Changes

   Spells                             Type                      Level
   a - Beastly Appendage              Transmutation                1
   b - Sticks to Snakes               Transmutation                2
   c - Spider Form                    Transmutation/Poison         3
   d - Ice Form                       Ice/Transmutation            4
   e - Blade Hands                    Transmutation                5
Comestibles
 c - 2 bread rations
 k - 3 fruits


   Skills:
 + Level 1.3 Fighting
 + Level 2.0 Dodging
 * Level 3.5 Unarmed Combat
 + Level 2.1 Spellcasting
 * Level 2.4 Transmutations


You had 5 spell levels left.
You knew the following spells:

 Your Spells              Type           Power        Failure   Level  Hunger
a - Beastly Appendage     Trmt           #.....       12%         1    ##.....


Dungeon Overview and Level Annotations

Branches:
Dungeon (3/15)

Altars:

Annotations:
D:2 Terence


Innate Abilities, Weirdness & Mutations

Your plain brown scales are hard (AC +5).
Your body does not fit into most forms of armour.
You are cold-blooded and may be slowed by cold attacks.
You have claws for feet.


Message History

You climb upwards.
There is a stone staircase leading down here.
You hit Terence but do no damage.
You tail-slap Terence, but do no damage.
Terence closely misses you. The goblin misses you.
You hit Terence but do no damage. You claw Terence, but do no damage.
Terence closely misses you. The goblin closely misses you.
You hit Terence but do no damage. Your kick misses Terence.
Terence hits you but does no damage. The goblin completely misses you.
You hit Terence but do no damage. Terence barely misses you.
The goblin closely misses you.
You hit Terence but do no damage. You claw Terence.
Terence is lightly wounded.
Terence hits you with a flail.
* * * LOW HITPOINT WARNING * * *
Terence closely misses you. The goblin closely misses you.
You hit Terence but do no damage. You tail-slap Terence.
Terence is lightly wounded.
Terence hits you with a flail!
You die...

#.# ##.† ..# #.#
##. #.## #.######.
#.#.## #........
#.##.# ##.......#
#.##.. ##.......##
#.##.# #.....<.##
#g##.# .##......##
#@##.# ##.......#
#@##.####.........
#g##............##
#.........#######
###########


You could see Terence (berserk), a hobgoblin and a goblin.

Vanquished Creatures
  An adder (D:2)
  A worm (D:2)
  3 bats
  A giant cockroach (D:1)
  A hobgoblin (D:2)
  6 jackals (D:2)
  2 giant newts
  A goblin (D:2)
  2 kobolds (D:1)
18 creatures vanquished.

Notes
Turn   | Place    | Note
--------------------------------------------------------------
     0 | D:1      | st0uf the Draconian Transmuter began the quest for the Orb.
     0 | D:1      | Reached XP level 1. HP: 16/16 MP: 3/3
   394 | D:2      | Reached XP level 2. HP: 21/23 MP: 3/5
   766 | D:2      | Reached XP level 3. HP: 26/28 MP: 4/6
   849 | D:3      | Noticed Terence
   866 | D:2      | Slain by Terence

Vault maps used:
D:1:      nicolae_arrival_washed_ashore, minmay_misc_feat_rows
D:2:      vehumet_crystals, first_bread, minmay_bad_closet
D:3:      kiku_gazebo_pond_becter, lemuel_round_altar, johnstein_pakellas_shop,
          nicolae_tso_swordbearing_angel, uniq_terence, uniq_crazy_yiuf_cottage

Action                   || total
-------------------------++-------
Melee: Unarmed           ||    82
 Cast: Beastly Appendage ||    14
